 Dungeon Crawl Stone Soup version 0.21-a0-538-gd16b88a (webtiles) character file.

126 KristoblXynda the Slasher (level 4, 0/36 HPs)
             Began as a Draconian Gladiator on Dec 16, 2017.
             Was an Initiate of Ashenzari.
             Slain by a centaur (2 damage)
             ... on level 3 of the Dungeon.
             The game lasted 00:03:17 (1797 turns).

KristoblXynda the Slasher (Draconian Gladiator)     Turns: 1797, Time: 00:03:18

Health: 0/36       AC:  5    Str: 17    XL:     4   Next: 84%
Magic:  4/4        EV: 13    Int: 14    God:    Ashenzari [......]
Gold:   151        SH:  0    Dex: 12    Spells: 3/3 levels left

rFire    . . .     SeeInvis .   a - +0 long sword
rCold    . . .     Gourm    .   (no shield)
rNeg     . . .     Faith    .   (armour unavailable)
rPois    .         Spirit   .   b - +0 hat
rElec    .         Reflect  .   (no cloak)
rCorr    .         Harm     .   (no gloves)
MR       .....                  (no boots)
Stlth    +.........             j - amulet of magic regeneration
HPRegen  0.12/turn              (no ring)
MPRegen  0.34/turn              (no ring)

@: brilliant, hasted, very quick
A: unfitting armour, big wings, deterioration 1, cold-blooded, AC +5
a: Fly, Curse Item, Renounce Religion


You were on level 3 of the Dungeon.
You worshipped Ashenzari.
Ashenzari was noncommittal.
You were not hungry.

You visited 1 branch of the dungeon, and saw 3 of its levels.

You collected 151 gold pieces.

Inventory:

Hand Weapons
 a - a +0 long sword (weapon)
Missiles
 c - 3 throwing nets (quivered)
Armour
 b - a +0 hat (worn)
 q - a +0 buckler
Jewellery
 j - an amulet of magic regeneration (around neck)
 t - an uncursed ring of protection from magic
Scrolls
 h - a scroll of teleportation
 i - a scroll of enchant armour {unknown}
 m - 2 scrolls of remove curse
 p - a scroll of immolation {unknown}
Potions
 f - a potion of haste
 g - a potion of berserk rage {unknown}
 k - a potion of agility {unknown}
 l - a potion of invisibility {unknown}
 n - a potion of magic {unknown}
 o - a potion of brilliance
 r - a potion of heal wounds {unknown}
 s - a potion of might {unknown}
Comestibles
 d - 2 bread rations


   Skills:
 - Level 2.1 Fighting
 + Level 4.0 Long Blades
 + Level 3.0 Throwing
 + Level 3.6 Dodging


You had 3 spell levels left.
You didn't know any spells.

Dungeon Overview and Level Annotations

Branches:
Dungeon (3/15)

Altars:
Ashenzari
Hepliaklqana


Innate Abilities, Weirdness & Mutations

Your plain brown scales are hard. (AC +5)
You cannot fit into any form of body armour.
You are cold-blooded and may be slowed by cold attacks.
Your large and strong wings let you fly indefinitely.
Your body sometimes deteriorates upon taking damage.


Message History

The centaur shoots an arrow.
The arrow hits you!
* * * LOW HITPOINT WARNING * * *
The kobold throws a stone.
The stone hits you but does no damage.
Things that are here:
a stone; 2 arrows The centaur unwields an uncursed shortbow.
The centaur hits you but does no damage.
Found an uncursed whip.
It was a potion of haste.
You feel yourself speed up. The centaur hits you.
* * * LOW HITPOINT WARNING * * *
The kobold hits you but does no damage.
Unknown command.
It was a potion of brilliance.
You feel clever all of a sudden. The adder closely misses you.
The centaur hits you.
* * * LOW HITPOINT WARNING * * *
It was a potion of mutation.
You feel extremely strange.
You feel yourself wasting away.
Your wings grow larger and stronger.
The centaur hits you.
You die...

###8###8##..
#...........
#...........
#...........
#.#8###8##..
###########.### ####..
#...((([(...#######8..
#..((.............##..
#...K@.#############..
#....cS# ##..
####K#... ####8..
#.#..... #..##..
#.#......) #...#..
#.###8##.. ##..... #..
## . ##.#.. ## #....
#..#.


You could see a centaur, an adder and 2 kobolds.

Vanquished Creatures
  A howler monkey (D:3)
  An adder (D:3)
  An ooze (D:1)
  2 dart slugs
  2 leopard geckos
  An orc (D:3)
  A giant cockroach (D:1)
  10 goblins
  11 hobgoblins
  3 jackals (D:2)
  7 kobolds
  2 ball pythons
  4 bats
  7 frilled lizards
  8 rats
61 creatures vanquished.

Vanquished Creatures (others)
  An adder (D:2)
  A goblin (D:2)
2 creatures vanquished.

Grand Total: 63 creatures vanquished

Notes
Turn   | Place    | Note
-------+----------+-------------------------------------------
     0 | D:1      | KristoblXynda the Draconian Gladiator began the quest for the Orb.
     0 | D:1      | Reached XP level 1. HP: 17/17 MP: 1/1
    25 | D:1      | Reached XP level 2. HP: 20/24 MP: 2/2
   339 | D:1      | Reached XP level 3. HP: 24/29 MP: 3/3
   492 | D:2      | Found a hazy altar of Hepliaklqana.
  1067 | D:3      | Reached XP level 4. HP: 10/36 MP: 4/4
  1317 | D:3      | Found a shattered altar of Ashenzari.
  1380 | D:3      | Became a worshipper of Ashenzari the Shackled
  1644 | D:3      | Reached skill level 4 in Long Blades
  1789 | D:3      | Noticed a centaur
  1797 | D:3      | Gained mutation: Your body sometimes deteriorates upon taking damage. [potion of mutation]
  1797 | D:3      | Gained mutation: Your large and strong wings let you fly indefinitely. [potion of mutation]
  1797 | D:3      | Slain by a centaur

Vault maps used:
D:1:      dpeg_arrival_tiny_f, grunt_decor_one_mirror
D:2:      lemuel_doored_altar, lemuel_old_faithful
D:3:      kennysheep_goblin_castle, lemuel_crystal_altar, serial_corexii_hall,
          corexii_hall_statues_u, corexii_hall_statues_l,
          corexii_hall_statues_t, corexii_hall_statues_l,
          nicolae_ashenzari_panopticon, uniq_purgy

Skill      XL: |  1  2  3  4 |
---------------+-------------+-----
Throwing       | 2 3 |  3.0
Dodging        | 3 |  3.6
Long Blades    | 4 |  4.0
Fighting       | |  2.1

Action                   |  1- 3 |  4- 6 || total
-------------------------+-------+-------++-------
Melee: Long sword        |   103 |    34 ||   137
       Tailslap          |    11 |     4 ||    15
  Use: Scroll            |     2 |     1 ||     3
       Potion            |       |     3 ||     3
 Stab: Sleeping          |     3 |       ||     3
  Eat: Bread ration      |     1 |       ||     1
Armor: Skin              |    35 |     8 ||    43
Dodge: Dodged            |    91 |    38 ||   129
       Rpst.: Long sword |    27 |     9 ||    36

Table legend:
 A = Spawn XP
 B = Non-spawn XP
 C = Spawn XP percentage of total XP
 D = Spawn monster count
 E = Non-spawn monster count
 F = Spawn count percentage of total count
 G = Total turns spent on level
                    A         B        C        D         E        F      G
               +---------+---------+-------+---------+---------+-------+---------
         Total |       0 |     181 |   0.0 |       0 |      61 |   0.0 |  1797
               +---------+---------+-------+---------+---------+-------+---------
           D:1 |       0 |      49 |   0.0 |       0 |      26 |   0.0 |   475
           D:2 |       0 |      33 |   0.0 |       0 |      21 |   0.0 |   574
           D:3 |       0 |      99 |   0.0 |       0 |      14 |   0.0 |   748
               +---------+---------+-------+---------+---------+-------+---------
